 Dungeon Crawl Stone Soup version 0.21.0-3-g78d12a8 (webtiles) character file.

22345 shmeve the Blocker (level 12, -5/168 HPs)
             Began as a Minotaur Berserker on Jan 8, 2018.
             Was a High Priest of Trog.
             Shot with an arrow by Nessos (9 damage)
             ... on level 12 of the Dungeon.
             The game lasted 00:25:04 (10929 turns).

shmeve the Blocker (Minotaur Berserker)            Turns: 10929, Time: 00:25:06

Health: -5/168     AC: 17    Str: 33    XL:     12   Next: 62%
Magic:  3/3        EV: 11    Int:  9    God:    Trog [*****.]
Gold:   571        SH: 14    Dex:  9    Spells: 11/11 levels left

rFire    . . .     SeeInvis .   M - +3 broad axe (antimagic)
rCold    . . .     Gourm    .   p - +0 shield
rNeg     . . .     Faith    .   q - +0 plate armour
rPois    .         Spirit   .   (helmet restricted)
rElec    .         Reflect  .   Q - +1 cloak {+Inv}
rCorr    .         Harm     .   (no gloves)
MR       .....                  r - +0 pair of boots
Stlth    ..........             (no amulet)
HPRegen  0.38/turn              K - +5 ring of intelligence
MPRegen  0.08/turn              (no ring)

@: berserking (expiring), lethally poisoned (-5 -> -19), very quick
A: retaliatory headbutt, horns 2
a: Berserk, Trog's Hand, Brothers in Arms, Burn Spellbooks, Renounce Religion,
Evoke Invisibility


You were on level 12 of the Dungeon.
You worshipped Trog.
Trog was extremely pleased with you.
You were near starving.

You visited 1 branch of the dungeon, and saw 12 of its levels.

You collected 661 gold pieces.
You spent 90 gold pieces at shops.

Inventory:

Hand Weapons
 C - a +3 hand axe of freezing
 F - a +3 hand axe of flaming
 M - a +3 antimagic broad axe (weapon)
Missiles
 u - 33 tomahawks (quivered)
 H - 4 javelins
Armour
 p - a +0 shield (worn)
 q - a +0 plate armour (worn)
 r - a +0 pair of boots (worn)
 Q - a +1 cloak of invisibility (worn)
Jewellery
 j - a cursed -3 ring of intelligence
 K - a +5 ring of intelligence (left hand)
Wands
 l - a wand of disintegration (38)
 x - a wand of iceblast (13)
 y - a wand of flame (37)
 D - a wand of acid (18)
 P - a wand of scattershot (5)
Scrolls
 a - a scroll of amnesia {unknown}
 f - 3 scrolls of fear {unknown}
 g - 8 scrolls of remove curse
 h - a scroll of fog {unknown}
 i - 4 scrolls of magic mapping {unknown}
 m - 7 scrolls of teleportation {unknown}
 n - 2 scrolls of random uselessness {unknown}
 o - 3 scrolls of identify
 s - 2 scrolls of noise {unknown}
 t - a scroll of blinking {unknown}
 v - 3 scrolls of immolation {unknown}
 w - a scroll of enchant armour {unknown}
 A - a scroll of enchant weapon {unknown}
 B - a scroll of brand weapon {unknown}
 L - a scroll of silence {unknown}
Potions
 d - 3 potions of heal wounds
 e - 3 potions of haste
 k - a potion of resistance
 z - a potion of curing
 E - a potion of cancellation
 G - a potion of brilliance {unknown}
 I - a potion of mutation {unknown}
 J - a potion of agility {unknown}
 O - a potion of berserk rage {unknown}
Comestibles
 c - 24 rations
 N - 13 chunks of flesh


   Skills:
 * Level 12.2 Fighting
 * Level 12.2 Axes
 + Level 6.9 Throwing
 + Level 8.8 Armour
 + Level 8.1 Dodging
 * Level 12.3 Shields


You had 11 spell levels left.
You didn't know any spells.

Dungeon Overview and Level Annotations

Branches:
Dungeon (12/15)            Temple (0/1) D:4            Lair (0/6) D:11
    Orc (0/2) D:11

Altars:
Fedhas
Hepliaklqana
Ru
Sif Muna
Yredelemnul

Shops:
D:4 [   D:9 }

Annotations:
D:12 Nessos


Innate Abilities, Weirdness & Mutations

You reflexively headbutt those who attack you in melee.
You have a pair of horns on your head.


Message History

Nessos shoots an arrow.
The arrow barely misses you.
You closely miss something. You headbutt something!
You feel sick.
Nessos stands on his hind legs for a moment.
Nessos shoots an arrow.
The arrow barely misses you. Something hits you but does no damage.
Your plate armour prevents you from hitting something.
You feel sick.
Nessos shoots an arrow.
The arrow barely misses you. Something hits you but does no damage.
You miss something. Your headbutt misses something.
Your skin stops crawling.
You feel less resistant to hostile enchantments.
* * * LOW HITPOINT WARNING * * *
You feel sick.
Nessos shoots an arrow.
You block the arrow.
You miss something. You headbutt something! Trog accepts your kill.
Reactivating autopickup.
You feel a bit more experienced.
* * * LOW HITPOINT WARNING * * *
You feel sick.
Nessos shoots an arrow.
The arrow hits you!
You die...

.......##.# ### ......##.# #..
.......#'###### #.#
.............# #.#
###............# #.#
#.#(...........###..# #.#
#.#.†..............>#
######.###.#.@.........#######
#............(.....(###......#
######........(##.(.# #.####.#
#..........(...# #.# #..
###<.........c...# #.# #..
#....5.[.##.###..###.####..
#.##........##..c..........
#.##.....##.##.#.#.........
#.##...........#.#.........


You could see Nessos and a crimson imp.

Vanquished Creatures
  A hydra (D:9)
  Harold (D:10)
  4 two-headed ogres
  Erica (D:9)
  Urug (D:10)
  Nergalle (D:10)
  A wizard (D:11)
  The ghost of mandarbmax the Cleaver, a novice HOFi (D:6)
  Pikel (D:8)
  A deep elf mage (D:12)
  Joseph (D:8)
  Maurice (D:12)
  Psyche (D:9)
  A gargoyle (D:10)
  The ghost of Dazliare the Transmogrifier, a novice MfTm (D:4)
  2 trolls
  5 hippogriffs
  2 dream sheep (D:9)
  4 wyverns
  19 yaks
  A wraith (D:12)
  A steam dragon (D:8)
  2 vampire mosquitoes (D:9)
  Menkaure (D:4)
  An ice beast (D:9)
  A phantom (D:6)
  A black bear (D:12)
  5 orc warriors
  2 necrophages
  3 sky beasts
  4 slaves (D:8)
  A wolf (D:10)
  4 ogres
  3 centaurs
  5 big kobolds
  11 bullfrogs
  A wyvern zombie (D:11)
  A wyvern skeleton (D:11)
  4 scorpions
  11 killer bees
  10 wights
  3 howler monkeys
  6 crimson imps
  A bullfrog zombie (D:11)
  2 centaur zombies
  9 hounds
  Crazy Yiuf (D:2)
  2 bullfrog skeletons
  5 orc priests
  7 jellies
  5 centaur skeletons
  3 iguanas
  9 worker ants
  14 orc wizards
  A killer bee zombie (D:9)
  A hound skeleton (D:8)
  2 worker ant zombies
  Robin (D:4)
  10 adders
  12 gnolls
  3 shadow imps
  3 oozes
  An adder zombie (D:5)
  2 adder skeletons
  A worm (D:4)
  2 dart slugs
  5 leopard geckos
  35 orcs
  10 bats
  5 giant cockroaches
  12 goblins
  9 hobgoblins
  12 jackals
  6 quokkas
  4 ball pythons
  4 frilled lizards
  20 kobolds
  A quokka skeleton (D:4)
  A quokka zombie (D:5)
  8 rats
361 creatures vanquished.

Vanquished Creatures (collateral kills)
  Grum (D:10)
  2 wolves (D:10)
3 creatures vanquished.

Grand Total: 364 creatures vanquished

Notes
Turn   | Place    | Note
-------+----------+-------------------------------------------
     0 | D:1      | shmeve the Minotaur Berserker began the quest for the Orb.
     0 | D:1      | Reached XP level 1. HP: 19/19 MP: 0/0
    59 | D:1      | Reached XP level 2. HP: 19/27 MP: 1/1
   491 | D:1      | Reached ** piety under Trog
   491 | D:1      | Reached XP level 3. HP: 33/33 MP: 2/2
  1040 | D:2      | Found a runed door.
  1279 | D:2      | Reached XP level 4. HP: 25/41 MP: 3/3
  1583 | D:2      | Noticed Crazy Yiuf
  1591 | D:2      | Killed Crazy Yiuf
  1591 | D:2      | Reached skill level 1 in Throwing
  1952 | D:3      | Reached skill level 5 in Fighting
  1952 | D:3      | Reached XP level 5. HP: 42/48 MP: 4/4
  1992 | D:3      | Reached *** piety under Trog
  2032 | D:3      | Found a sacrificial altar of Ru.
  2177 | D:4      | Reached skill level 5 in Axes
  2271 | D:4      | Noticed Robin
  2280 | D:4      | Killed Robin
  2328 | D:4      | Noticed Menkaure
  2335 | D:4      | Killed Menkaure
  2335 | D:4      | Reached XP level 6. HP: 17/57 MP: 5/5
  2753 | D:4      | Found Cawustur's Antique Armour Shop.
  2756 | D:4      | Bought a shield for 90 gold pieces
  2760 | D:4      | Found a staircase to the Ecumenical Temple.
  2989 | D:4      | Noticed a hippogriff
  2997 | D:4      | Killed a hippogriff
  2997 | D:4      | Reached XP level 7. HP: 44/62 MP: 6/6
  3144 | D:4      | Noticed Dazliare's ghost (novice MfTm)
  3153 | D:4      | Killed Dazliare's ghost
  3205 | D:5      | Entered Level 5 of the Dungeon
  3299 | D:5      | Reached XP level 8. HP: 64/70 MP: 7/7
  4026 | D:6      | Reached **** piety under Trog
  4065 | D:6      | Noticed mandarbmax's ghost (novice HOFi)
  4076 | D:6      | Killed mandarbmax's ghost
  4203 | D:6      | Reached XP level 9. HP: 79/79 MP: 8/8
  4293 | D:6      | Reached skill level 5 in Armour
  4881 | D:7      | Found a hazy altar of Hepliaklqana.
  4885 | D:7      | You fall through a shaft!
  5047 | D:8      | Noticed Joseph
  5072 | D:8      | Killed Joseph
  5072 | D:8      | Reached skill level 5 in Dodging
  5393 | D:8      | Reached ***** piety under Trog
  5697 | D:8      | Reached XP level 10. HP: 55/90 MP: 9/9
  5925 | D:8      | Noticed Pikel
  5934 | D:8      | Killed Pikel
  6632 | D:7      | Found a deep blue altar of Sif Muna.
  6724 | D:7      | Found a basalt altar of Yredelemnul.
  7108 | D:9      | Noticed Erica
  7112 | D:9      | Found Nycsek's Gadget Boutique.
  7119 | D:9      | Killed Erica
  7121 | D:9      | Reached skill level 5 in Throwing
  7122 | D:9      | Received a gift from Trog
  7122 | D:9      | Reached skill level 10 in Shields
  7229 | D:9      | Reached skill level 10 in Fighting
  7339 | D:9      | Reached skill level 10 in Axes
  7343 | D:9      | Reached XP level 11. HP: 99/99 MP: 10/10
  7428 | D:9      | Noticed Psyche
  7439 | D:9      | Killed Psyche
  7689 | D:9      | Noticed a three-headed hydra
  7693 | D:9      | Killed a one-headed hydra
  7976 | D:10     | Entered Level 10 of the Dungeon
  7976 | D:10     | Noticed a two-headed ogre
  7981 | D:10     | Killed a two-headed ogre
  8009 | D:10     | Noticed Grum
  8017 | D:10     | Killed Grum
  8697 | D:10     | Noticed a two-headed ogre
  8706 | D:10     | Killed a two-headed ogre
  8838 | D:10     | Noticed Harold
  8857 | D:10     | Killed Harold
  8908 | D:10     | Noticed Urug
  8922 | D:10     | Killed Urug
  8966 | D:10     | Noticed Nergalle
  8977 | D:10     | Killed Nergalle
  9071 | D:10     | Reached XP level 12. HP: 108/110 MP: 11/11
  9137 | D:10     | Upgraded the game from 0.21.0 to 0.21.0-3-g78d12a8
  9709 | D:10     | Noticed a two-headed ogre
  9717 | D:10     | Killed a two-headed ogre
  9968 | D:11     | Found a staircase to the Lair.
 10088 | D:11     | Noticed a two-headed ogre
 10101 | D:11     | Killed a two-headed ogre
 10140 | D:11     | Found a staircase to the Orcish Mines.
 10245 | D:11     | Received a gift from Trog
 10378 | D:11     | Found a blossoming altar of Fedhas.
 10757 | D:12     | Noticed Maurice
 10773 | D:12     | Killed Maurice
 10904 | D:12     | Noticed Nessos
 10925 | D:12     | HP: 8/168 [poisoned by Nessos]
 10929 | D:12     | Shot with an arrow by Nessos

Skill      XL: |  1  2  3  4  5  6  7  8  9 10 11 12 |
---------------+-------------------------------------+-----
Fighting       | 4 5 6 7 8 10 11 12 | 12.2
Axes           | 4 5 6 7 8 10 11 12 | 12.2
Throwing       | 1 2 3 4 5 6 |  6.9
Armour         | 3 4 5 7 8 |  8.8
Dodging        | 3 4 5 6 7 8 |  8.1
Shields        | 3 6 7 9 10 11 12 | 12.3

Action                   |  1- 3 |  4- 6 |  7- 9 | 10-12 || total
-------------------------+-------+-------+-------+-------++-------
Melee: Hand axe          |    84 |    99 |   301 |   455 ||   939
       Headbutt          |     5 |    19 |    55 |   126 ||   205
       Broad axe         |       |       |       |    87 ||    87
Throw: Tomahawk          |       |       |       |    14 ||    14
Invok: Berserk           |       |     5 |     6 |    12 ||    23
       Trog's Hand       |       |     1 |     1 |     6 ||     8
       Burn Spellbooks   |       |       |     1 |     2 ||     3
       Brothers in Arms  |       |       |       |     1 ||     1
  Use: Scroll            |       |       |       |     8 ||     8
  Eat: Chunk             |     1 |    11 |    15 |    26 ||    53
       Ration            |       |       |       |     1 ||     1
Armor: Animal skin       |    18 |     3 |       |       ||    21
       Chain mail        |       |    35 |    17 |       ||    52
       Plate armour      |       |       |   113 |   252 ||   365
Dodge: Dodged            |    71 |    57 |    74 |   194 ||   396
Block: Shield            |       |       |   184 |   331 ||   515
